 Dungeon Crawl Stone Soup version 0.30-a0-918-g0ff054e9dc (webtiles) character file.

Game seed: 10336480127842666521

143 tilp the Slasher (level 5, -3/46 HPs)
             Began as a Meteoran Fighter on Mar 20, 2023.
             Killed by nerve-wracking pain
             ... invoked by an orc priest
              (13 damage)
             ... on level 3 of the Dungeon.
             The game lasted 00:02:45 (691 turns).

tilp the Slasher (Meteoran Fighter)                  Turns: 691, Time: 00:02:46

Health: -3/46      AC: 13    Str: 18    XL:     5   Next: 80%
Magic:  6/6        EV:  7    Int:  9    God:
Gold:   54         SH:  5    Dex: 15    Spells: 4/4 levels left

rFire   . . .      SeeInvis .    a - +0 long sword
rCold   . . .      Faith    .    c - +0 buckler
rNeg    . . .      Spirit   .    l - +1 chain mail
rPois   .          Reflect  .    (no helmet)
rElec   .          Rampage  .    (no cloak)
rCorr   .                        j - +2 pair of gloves
Will    .....                    (no boots) Stlth
                                 (no amulet)
HPRegen 0.27/turn                (no ring)
MPRegen 0.10/turn                (no ring)

@: glowing
A: sense surroundings 1, otherworldly, glowing, explore regen
a: no special abilities


You were on level 3 of the Dungeon.
You visited 1 branch of the dungeon, and saw 4 of its levels.

You collected 54 gold pieces.

Inventory:

Hand Weapons
 a - a +0 long sword (weapon)
Missiles
 e - 11 stones (quivered)
 g - a throwing net
Armour
 c - a +0 buckler (worn)
 d - a +1 ring mail of fire resistance
 j - a +2 pair of gloves (worn)
 l - a +1 chain mail (worn)
Wands
 b - a wand of flame (14)
 i - a wand of charming (9)
Potions
 f - 3 potions of curing
 h - a potion of brilliance
 k - a potion of flight


   Skills:
 - Level 4.0 Fighting
 * Level 5.4 Long Blades
 - Level 3.6 Armour
 - Level 2.0 Dodging
 - Level 3.6 Shields


You had 4 spell levels left.
You didn't know any spells.
Your spell library was empty.

Dungeon Overview and Level Annotations

Branches:
Dungeon (4/15) Zot: 1678
 Temple: D:4-7

Altars:

Annotations:
D:4 1 transporter


Innate Abilities, Weirdness & Mutations

You passively map a small area around you.
You are easily found by Zot.
You glow in the dark.
You regain HP and MP as you explore.


Message History

You barely miss the orc priest.
The orc shouts!
You block the orc priest's attack.
You closely miss the orc priest.
The orc priest looks satisfied for a moment.
You slash the orc!
You kill the orc!
The orc closely misses you.
You barely miss the orc priest.
The orc priest hits you with a +0 dagger.
The orc hits you with a +0 club.
You slash the orc priest!
The orc priest is moderately wounded.
The orc priest hits you but does no damage.
You block the orc's attack.
You hit the orc priest.
The orc priest is severely wounded.
You block the orc priest's attack. The orc hits you but does no damage.
You hit the orc priest.
The orc priest is severely wounded.
The orc priest hits you but does no damage.
A goblin comes into view. It is wielding a +0 dagger.
The orc hits you but does no damage.
The orc priest hits you but does no damage.
You block the orc's attack.
The goblin moves out of view.
You hit the orc priest but do no damage.
The orc priest is severely wounded.
The orc priest hits you but does no damage.
The orc hits you but does no damage.
You barely miss the orc priest.
The orc priest is severely wounded.
The orc priest calls down the wrath of Beogh upon you.
Beogh smites you!
* * * LOW HITPOINT WARNING * * *
The orc hits you but does no damage.
You closely miss the orc priest.
The orc priest is severely wounded.
The orc priest calls down the wrath of Beogh upon you.
Pain shoots through your body!
You die...

##.###†######..)..#
#............###..
#.......###### ..#
#.......# #.##
#.......# , #.
#.......#* #.
#.#.##.... ..*,
#o#.#####.. ##
#@#.# #. ,* *,
#o#.# , , #o#.# *
#o# #.., * , ##<* *
. *.#


You could see an orc priest and 3 orcs.

Vanquished Creatures
  A scorpion (D:3)
  Ijyb (D:3)
  2 adders
  A worm (D:2)
  2 dart slugs
  2 orcs (D:3)
  2 ball pythons (D:3)
  5 endoplasms
  A giant cockroach (D:2)
  2 goblins (D:3)
  4 hobgoblins
  3 jackals (D:2)
  3 kobolds
  2 quokkas
  2 bats (D:2)
  A frilled lizard (D:3)
  2 rats (D:1)
36 creatures vanquished.

Notes
Turn   | Place    | Note
-------+----------+-------------------------------------------
     0 | D:1      | tilp the Meteoran Fighter began the quest for the Orb.
     0 | D:1      | Reached XP level 1. HP: 19/19 MP: 2/2
    59 | D:1      | Reached XP level 2. HP: 22/26 MP: 3/3
    68 | D:1      | Reached skill level 3 in Long Blades
   115 | D:2      | Reached skill level 1 in Dodging
   115 | D:2      | Reached XP level 3. HP: 31/31 MP: 4/4
   442 | D:3      | Reached XP level 4. HP: 36/40 MP: 5/5
   457 | D:3      | Noticed Ijyb
   457 | D:3      | Noticed a scorpion
   471 | D:3      | Killed Ijyb
   472 | D:3      | Reached skill level 4 in Long Blades
   475 | D:3      | Killed a scorpion
   476 | D:3      | Reached skill level 5 in Long Blades
   476 | D:3      | Reached XP level 5. HP: 29/46 MP: 6/6
   577 | D:4      | Found a transporter.
   691 | D:3      | Killed from afar by an orc priest

Illustrated notes

Levels and vault maps discovered:
D:1:      sevenhm_arrival_forest_fort_small_6, layout_basic
D:2:      layout_basic, minmay_misc_feat_doors, kennysheep_cross_bottleneck
D:3:      layout_rooms, serial_shops, nicolae_shop_behind_doors, uniq_ijyb
D:4:      layout_basic, kennysheep_mini_moat, mainiacjoe_overflow_alcove_2,
          mainiacjoe_overflow_large_starburst, temple_statues,
          gammafunk_ghost_mausoleum

Skill      XL: |  1  2  3  4 |
---------------+-------------+-----
Long Blades    | 3 5 |  5.4
Dodging        | 1 2 |  2.0
Fighting       | 4 |  4.0
Armour         | |  3.6
Shields        | |  3.6

Action                     |  1- 3 |  4- 6 || total
---------------------------+-------+-------++-------
  Melee: Long sword        |    73 |    38 ||   111
    Use: Scroll            |     7 |       ||     7
         Potion            |       |     1 ||     1
 Armour: Scale mail        |    27 |       ||    27
         Chain mail        |    11 |    15 ||    26
  Dodge: Dodged            |    27 |     4 ||    31
  Block: Buckler           |    22 |    11 ||    33

Table legend: (Time is in decaauts)
 A = Elapsed time spent in this place.
 B = Non-inter-level travel time spent in this place.
 C = Inter-level travel time spent in this place.
 D = Time resting spent in this place.
 E = Time spent auto-exploring this place.
 F = Levels seen in this place.
 G = Mean time per level.
                   A        B        C        D        E       F      G
               +--------+--------+--------+--------+--------+-----+--------+
         Total |    720 |    698 |     22 |     83 |      0 |   4 |  180.0 |
       Dungeon |    720 |    698 |     22 |     83 |      0 |   4 |  180.0 |
               +--------+--------+--------+--------+--------+-----+--------+

Top non-repeatable levels by time:
     D:3: 344 daAuts
     D:2: 264 daAuts
     D:1: 84 daAuts
     D:4: 26 daAuts
